 Dungeon Crawl Stone Soup version 0.17-a0-2073-gde5cdba (webtiles) character file.

7 ololoev the Chopper (level 2, -15/27 HPs)
             Began as a Hill Orc Berserker on Oct 15, 2015.
             Was a Follower of Trog.
             Demolished by an ogre
             ... wielding a cursed +0 giant spiked club
              (27 damage)
             ... on level 3 of the Dungeon.
             The game lasted 00:00:51 (99 turns).

ololoev the Chopper (Hill Orc Berserker)              Turns: 99, Time: 00:00:51

Health: -15/27     AC:  2    Str: 19    XL:     2   Next: 4%
Magic:  2/2        EV: 12    Int:  7    God:    Trog [*.....]
Gold:   12         SH:  0    Dex: 10    Spells: 0 memorised, 1 level left

rFire  . . .     SeeInvis .     a - +0 hand axe
rCold  . . .     Clarity  .     b - +0 animal skin
rNeg   . . .     SustAt   .     (no shield)
rPois  .         Gourm    .     (no helmet)
rElec  .         Spirit   .     (no cloak)
rCorr  .         Warding  .     (no gloves)
rMut   .         Stasis   .     (no boots)
MR     .....                    (no amulet)
Stlth  +.........               (no ring)
                                (no ring)

@: not resistant to hostile enchantments, very unstealthy
A: no striking features
a: Burn Spellbooks, Berserk, Renounce Religion

Inventory:

Hand Weapons
 a - a +0 hand axe (weapon)
Armour
 b - a +0 animal skin (worn)
Scrolls
 d - a scroll of identify {unknown}
 e - a scroll of magic mapping {unknown}
 g - a scroll of enchant armour {unknown}
Comestibles
 c - a bread ration
 f - a chunk of flesh


   Skills:
 + Level 3.9 Fighting
 * Level 4.3 Axes
 + Level 2.3 Armour
 - Level 1.5 Dodging


You had one spell level left.
You didn't know any spells.


You were on level 3 of the Dungeon.
You worshipped Trog.
Trog was aware of your devotion.
You were not hungry.

You visited 1 branch of the dungeon, and saw 3 of its levels.

You collected 12 gold pieces.

.###[........#
..............#
...............#
............... .
.............. ...
.......$....###....
.........#......#..
..........%@..g....
..........#O.......
.......<#.##.......
........#....#..##.
♣♣♣.....###.......
♣♣....# ..#.##..
♣♣..## .#.# . ♣..
.# # ♣..

Notes
Turn   | Place    | Note
--------------------------------------------------------------
     0 | D:1      | ololoev the Hill Orc Berserker began the quest for the Orb.
     0 | D:1      | Reached XP level 1. HP: 19/19 MP: 1/1
    96 | D:3      | Reached XP level 2. HP: 12/27 MP: 2/2
    97 | D:3      | Noticed an ogre
    99 | D:3      | Demolished by an ogre

Dungeon Overview and Level Annotations

Branches:
Dungeon (3/15)

Altars:


Message History

You barely miss the bat.
You feel yourself speed up. The bat barely misses you.
The bat completely misses you.
You hit the bat.
You kill the bat!
Trog accepts your kill.
You now have 12 gold pieces (gained 7).
You feel less exhausted.
There is a stone staircase leading down here.
Wield which item (- for none, * to show all)? (? for menu, Esc to quit)
Okay, then.
You climb downwards.
A bat comes into view.
Found a scroll labeled HAOKANT TAETU.
There is a stone staircase leading up here.
You found a teleport trap!
g - a scroll labeled HAOKANT TAETU
Found an escape hatch in the floor.
Found a stone staircase leading down.
There is an escape hatch in the floor here.
There is a stone staircase leading down here.
You climb downwards.
A giant cockroach comes into view.
Found a scroll labeled DITAYCWIDU and 11 gold pieces.
There is a stone staircase leading up here.
Found a robe.
You barely miss the giant cockroach. The giant cockroach bites you.
You slash the giant cockroach!
You kill the giant cockroach!
Trog accepts your kill.
You have reached level 2!
A goblin and an ogre come into view.
The goblin shouts!
You see here a giant cockroach corpse.
You butcher the giant cockroach corpse.
You see here a chunk of flesh.
The ogre hits you with a giant spiked club!!
Ouch! That really hurt!
You die...

You could see an ogre and a goblin.

Vanquished Creatures
  2 giant cockroaches
  A hobgoblin (D:1)
  A kobold (D:1)
  A bat (D:1)
  A goblin (D:1)
  A rat (D:1)
7 creatures vanquished.

Action                   || total
-------------------------++-------
Melee: Hand axe          ||    20
Invok: Berserk           ||     1

Vault maps used:
D:1:      grunt_arrival_lava_bath, minmay_misc_feat_doors
D:2:      first_bread, ecumenical_altar_2, uniq_iyjb
D:3:      good_gods_temple_1, lemuel_blue_sif_altar, serial_glass,
          glass_columns_c, glass_columns_b
